Map: Pillars of Gold LE

Players

Throwfordays - Winner!

  • Race: Protoss Protoss
  • League: Silver
  • Spawn Location: 1:00

Nectdefruta

  • Race: Terran Terran
  • League: Gold
  • Spawn Location: 7:00

VOD

Have the link to the VOD?

Description

Time

  • Played on: July 18, 2020, 2:30 a.m.
  • Length: 3:12
Show
View Real Time Build Order
Export as new Build Order

Throwfordays Protoss - Winner!

Build Orders:  

Get SALT Encoding   

  12  0:00  Probe  
  13  0:13  Probe  
  14  0:18  Pylon  
  14  0:25  Probe  
  15  0:36  Gateway  
  15  0:39  Probe  
  16  0:51  Gateway  
  16  1:01  Pylon  
  16  1:09  Probe  
  17  1:15  Zealot  
  17  1:17  Probe  
  17  1:20  Assimilator  
  20  1:28  Cybernetics Core, Probe  
  21  1:38  Zealot  
  23  1:45  Zealot  
  25  1:55  Pylon  
  25  2:05  Zealot  
  27  2:17  Adept  
  29  2:32  Adept  
  31  2:53  Probe  
Show
View Real Time Build Order
Export as new Build Order

Nectdefruta Terran 

Build Orders: Reaper Expand 

Get SALT Encoding   

  12  0:01  SCV  
  13  0:13  SCV  
  14  0:20  Supply Depot  
  14  0:25  SCV  
  15  0:41  SCV  
  16  0:45  Barracks  
  16  0:48  Refinery  
  16  0:53  SCV  
  17  1:05  SCV  
  18  1:18  SCV  
  19  1:32  Orbital Command  
  19  1:34  Reaper  
  20  1:52  Command Center  
  20  1:58  Refinery  
  20  2:02  SCV  
  20  2:05  Supply Depot  
  21  2:15  Factory  
  21  2:17  SCV  
  22  2:25  Supply Depot  
Tags
 
Add a new tag
Caveats
  • Supply blocks, unpowered buildings, or Contaminate may cause inaccurate times.
  • Supply counts are checked every 10 seconds.